 Dungeon Crawl Stone Soup version 0.27.1-4-g1640c2035a (webtiles) character file.

Game seed: 12625552196129697010

11 bearlyready the Skirmisher (level 2, -15/32 HPs)
             Began as an Ogre Delver on Nov 13, 2021.
             Demolished by an ogre (22 damage)
             ... on level 5 of the Dungeon.
             The game lasted 00:01:06 (377 turns).

bearlyready the Skirmisher (Ogre Delver)             Turns: 377, Time: 00:01:06

Health: -15/32     AC:  3    Str: 13 (15) XL:     2   Next: 25%
Magic:  2/2        EV:  9    Int:  8 (11) God:
Gold:   0          SH:  0    Dex:  8 (10) Spells: 1/1 levels left

rFire    . . .     SeeInvis .   a - +0 mace
rCold    . . .     Faith    .   (no shield)
rNeg     . . .     Spirit   .   b - +0 robe
rPois    .         Reflect  .   (helmet restricted)
rElec    .         Harm     .   (no cloak)
rCorr    .         Rampage  .   (gloves unavailable)
Will     .....                  (boots unavailable)
Stlth    ++........             (no amulet)
HPRegen  0.10/turn              (no ring)
MPRegen  0.08/turn              (no ring)

@: hasted, very quick
A: large, unfitting armour, tough skin 1
a: no special abilities


You were on level 5 of the Dungeon.
You visited 1 branch of the dungeon, and saw 1 of its levels.

Inventory:

Hand Weapons
 a - a +0 mace (weapon)
Missiles
 h - 17 stones (quivered)
Armour
 b - a +0 robe (worn)
Wands
 g - a wand of digging (3)
Scrolls
 c - a scroll of fog
 d - a scroll of magic mapping
 e - a scroll of fear


   Skills:
 - Level 4.0 Fighting
 + Level 2.6 Maces & Flails
 - Level 1.7 Dodging
 - Level 3.7 Stealth


You had one spell level left.
You didn't know any spells.
Your spell library was empty.

Dungeon Overview and Level Annotations

Branches:
Dungeon (5/15)
 Temple: D:4-7

Altars:


Innate Abilities, Weirdness & Mutations

You are too large for most types of armour.
You have tough skin. (AC +1)


Message History

You closely miss the ogre.
The ogre is moderately wounded.
The ogre hits you with a +0 giant club!
You hit the ogre.
The ogre is heavily wounded.
The ogre hits you with a +0 giant club!
* * * LOW HITPOINT WARNING * * *
Throw: 22 stones
Press: ? - help, Q - select action Shift-Dir - straight line, f/p - ogre
Aim: an ogre, wielding a +0 giant club (heavily wounded, 72% to hit)
You throw a stone.
The stone hits the ogre but does no damage.
The ogre is heavily wounded.
Throw: 21 stones
Press: ? - help, Q - select action Shift-Dir - straight line, f/p - ogre
Aim: an ogre, wielding a +0 giant club (heavily wounded, 72% to hit)
You throw a stone.
The stone hits the ogre but does no damage.
The ogre is heavily wounded.
Throw: 20 stones
Press: ? - help, Q - select action Shift-Dir - straight line, f/p - ogre
Aim: an ogre, wielding a +0 giant club (heavily wounded, 72% to hit)
You throw a stone. The stone completely misses the ogre.
Throw: 19 stones
Press: ? - help, Q - select action Shift-Dir - straight line, f/p - ogre
Aim: an ogre, wielding a +0 giant club (heavily wounded, 72% to hit)
You throw a stone.
The stone hits the ogre but does no damage.
The ogre is heavily wounded.
Throw: 18 stones
Press: ? - help, Q - select action Shift-Dir - straight line, f/p - ogre
Aim: an ogre, wielding a +0 giant club (heavily wounded, 72% to hit)
You throw a stone.
The stone hits the ogre but does no damage.
The ogre is heavily wounded.
You hit the ogre.
The ogre is heavily wounded.
The ogre hits you with a +0 giant club!!
Ouch! That really hurt!
You die...

........ #.......
#....... ####
#####......
##..###.####.....
##........##)..##.
####.((.(..(..##..#..
##...O##.......((.(.(.
#....@##..........###.
##....#..##......### .
#...>........#..#.##.
###.#........#.......
###...#....##......
##....#...###...###
##.........#.....#
##...............##
#................#


You could see an ogre.

Vanquished Creatures
  A howler monkey zombie (D:5)
1 creature vanquished.

Notes
Turn   | Place    | Note
-------+----------+-------------------------------------------
     0 | D:5      | bearlyready the Ogre Delver began the quest for the Orb.
     0 | D:5      | Reached XP level 1. HP: 24/24 MP: 1/1
    15 | D:5      | Noticed an ogre
    58 | D:5      | Reached XP level 2. HP: 6/32 MP: 2/2
   377 | D:5      | Demolished by an ogre

Illustrated notes

Levels and vault maps discovered:
D:5:      layout_cave_pools, mainiacjoe_overflow_catwalk_spiral, uniq_grinder

Skill      XL: |  1 |
---------------+----+-----
Maces & Flails | 2 |  2.6
Fighting       | |  4.0
Dodging        | |  1.7
Stealth        | |  3.7

Action                   || total
-------------------------++-------
Melee: Mace              ||    19
Throw: Stone             ||     9
  Use: Potion            ||     2
Armor: Robe              ||     4
Dodge: Dodged            ||     6
